 Dungeon Crawl Stone Soup version 0.30-a0-170-g85af917532 (webtiles) character file.

Game seed: 4767800904257780759

335 qw the Shield-Bearer (level 6, -1/38 HPs)
             Began as a Gargoyle Fighter on Sept 30, 2022.
             Was an Initiate of Okawaru.
             Slain by a gnoll
             ... wielding a +0 spear
              (6 damage)
             ... on level 3 of the Dungeon.
             The game lasted 00:01:10 (2626 turns).

qw the Shield-Bearer (Gargoyle Fighter)             Turns: 2626, Time: 00:01:10

Health: -1/38      AC: 13    Str: 22    XL:     6   Next: 53%
Magic:  6/6        EV: 10    Int:  8    God:    Okawaru [......]
Gold:   209        SH:  8    Dex:  9    Spells: 5/5 levels left

rFire   . . .      SeeInvis .    Y - +0 war axe
rCold   . . .      Faith    .    h - +0 kite shield
rNeg    + . .      Spirit   .    i - +0 chain mail
rPois   inf        Reflect  .    (no helmet)
rElec   +          Harm     .    (no cloak)
rCorr   .          Rampage  .    (no gloves)
Will    .....                    (no boots)
Stlth   ..........               (no amulet)
HPRegen 0.12/turn                k - +4 ring of evasion
MPRegen 0.10/turn                (no ring)

@: no status effects
A: sickness immunity, AC +4, negative energy resistance 1, electricity
resistance, torment resistance 1, petrification resistance
a: Renounce Religion


You were on level 3 of the Dungeon.
You worshipped Okawaru.
Okawaru was noncommittal.
You visited 1 branch of the dungeon, and saw 3 of its levels.

You collected 209 gold pieces.


Innate Abilities, Weirdness & Mutations

You are immune to sickness and miasma.
Your stone body is resilient. (AC +4)
You are immune to poison.
You resist negative energy. (rN+)
You are resistant to electric shocks. (rElec)
You are resistant to unholy torment.
You are immune to petrification.


   Skills:
 + Level 3.7 Fighting
 - Level 5.0 Axes
 - Level 3.2 Armour
 - Level 5.0 Shields


You had 5 spell levels left.
You didn't know any spells.
Your spell library was empty.

Inventory:

Hand Weapons
 a - a +0 morningstar
 Y - a +0 war axe (weapon)
Armour
 h - a +0 kite shield (worn)
 i - a +0 chain mail (worn)
Jewellery
 k - a +4 ring of evasion (left hand)
 m - a ring of positive energy
Scrolls
 n - a scroll of identify
Potions
 b - a potion of degeneration {unknown}
 c - a potion of brilliance {unknown}
 d - a potion of might
 e - a potion of mutation {unknown}
 f - a potion of invisibility {unknown}
 g - 2 potions of ambrosia {unknown}
 j - a potion of curing {unknown}
 l - a potion of cancellation {unknown}

Dungeon Overview and Level Annotations

Branches:
Dungeon (3/15)

Altars:
Okawaru
Wu Jian


Message History

The kobold brigand barely misses you. The orc closely misses you.
You block the gnoll's attack.
The gnoll hits you from afar with a +0 spear.
The gnoll barely misses you. The gnoll misses you.
The gnoll hits you from afar with a +0 spear.
You block the orc's attack.
The kobold brigand hits you but does no damage.
You closely miss the gnoll.
The gnoll is lightly wounded.
You hit the orc. You hit the kobold brigand. The gnoll closely misses you.
The kobold brigand hits you with a +0 dagger.
You block the gnoll's attack. The gnoll barely misses you.
You block the orc's attack.
You slash the orc!
You kill the orc!
Okawaru accepts your kill.
You hit the gnoll.
You hit the kobold brigand but do no damage.
The gnoll misses you. You block the kobold brigand's attack.
The gnoll barely misses you.
The gnoll hits you from afar with a +0 spear.
The gnoll barely misses you. The gnoll hits you but does no damage.
The kobold brigand hits you with a +0 dagger.
You block the gnoll's attack. The gnoll closely misses you.
You barely miss the gnoll.
The gnoll is heavily wounded.
You hit the kobold brigand but do no damage.
You barely miss the gnoll. The gnoll hits you with a +0 whip.
You block the gnoll's attack. The gnoll hits you but does no damage.
You block the gnoll's attack. You block the kobold brigand's attack.
You barely miss the gnoll.
The gnoll is heavily wounded.
You slash the gnoll! You barely miss the kobold brigand.
The gnoll misses you. x2
The kobold brigand hits you but does no damage.
The gnoll hits you with a +0 whip.
The gnoll hits you from afar with a +0 spear.
You die...

#.oo#............................
#...#############''''############
###+# #....# ~.# #....# ~.#
#....# ~.# '#######...%#########
~.# .....gg#....#.......o ~.#
....oogK....).)8# ~.#
....ogg@....'..8# ~.#
.....g.#8..8#.....h# ~.#.#
#################### ###'#
#...#############################
#ggo#...................h........
#####~~~~~~~~~~~~~~~~~~~~h~~~~~~~
~~~~~~~~~~~~~~~~~~~~~~~~~~~~~~~~~
~~~~~~~~~~~~~~~~~~~~~~~~~~~~~~~~~


You could see a kobold brigand, 6 gnolls and 3 orcs.

Vanquished Creatures
  A howler monkey (D:3)
  2 hounds (D:3)
  2 orc priests
  6 adders
  3 gnolls (D:3)
  2 worms (D:2)
  11 orcs
  6 ball pythons
  4 endoplasms
  4 giant cockroaches
  4 hobgoblins
  15 jackals
  2 quokkas (D:1)
  6 bats
  3 frilled lizards
  3 goblins
  4 kobolds
  3 rats
81 creatures vanquished.

Notes
Turn   | Place    | Note
-------+----------+-------------------------------------------
     0 | D:1      | qw the Gargoyle Fighter began the quest for the Orb.
     0 | D:1      | Reached XP level 1. HP: 14/14 MP: 1/1
     0 | D:1      | 0 ||| qw: Version: 0.2-a-12-gaebbb33
     0 | D:1      | 0 ||| qw: Game counter: 1515
     0 | D:1      | 0 ||| qw: Always use a shield: true
     0 | D:1      | 0 ||| qw: God list: Okawaru
     0 | D:1      | 0 ||| qw: Allow faded altars: false
     0 | D:1      | 0 ||| qw: Do Orc after D:15 true
     0 | D:1      | 0 ||| qw: Do second Lair branch before Depths: true
     0 | D:1      | 0 ||| qw: Lair rune preference: random
     0 | D:1      | 0 ||| qw: Plans: Normal, Zot:1-4, God:TSO, Crypt, Tomb,
                  | Pan, Slime:5, Hells, Abyss, Orb
     0 | D:1      | 0 ||| PLANNING D:1-11
    98 | D:1      | 98 ||| Stepping ~*~*~tactically~*~*~ (stealth).
   114 | D:1      | Reached XP level 2. HP: 7/19 MP: 2/2
   735 | D:1      | 735 ||| UPGRADING to +4 ring of evasion.
   736 | D:1      | 736 ||| READING scroll labelled ZUTO IGGICH.
   737 | D:1      | 737 ||| READING scroll labelled FAWAUMNUQE.
   738 | D:1      | 738 ||| READING scroll labelled NASHEB OTZIACK.
   793 | D:2      | Reached skill level 3 in Axes
   872 | D:2      | Reached XP level 3. HP: 23/23 MP: 3/3
   957 | D:2      | 957 ||| Stepping ~*~*~tactically~*~*~ (stealth).
   958 | D:2      | 958 ||| Stepping ~*~*~tactically~*~*~ (stealth).
   968 | D:2      | 968 ||| Stepping ~*~*~tactically~*~*~ (stealth).
   998 | D:2      | 998 ||| UPGRADING to +0 kite shield.
  1000 | D:2      | 1000 ||| UPGRADING to +0 kite shield.
  1013 | D:2      | 1013 ||| UPGRADING to +0 kite shield.
  1023 | D:2      | 1023 ||| DROPPING +0 buckler.
  1024 | D:2      | 1024 ||| UPGRADING to +0 chain mail.
  1034 | D:2      | 1034 ||| DROPPING +0 scale mail.
  1083 | D:2      | Reached XP level 4. HP: 28/28 MP: 4/4
  1215 | D:2      | 1215 ||| DROPPING +0 whip.
  1426 | D:2      | Found a faded altar of an unknown god.
  1700 | D:2      | 1700 ||| READING scroll labelled XAOSMA FYURR.
  1701 | D:2      | 1701 ||| READING scroll labelled ZOYSYM VATODD.
  1702 | D:2      | 1702 ||| READING scroll labelled FOICZU CYISCH.
  1703 | D:2      | 1703 ||| DRINKING 2 silvery potions.
  1850 | D:3      | Reached XP level 5. HP: 30/32 MP: 5/5
  1870 | D:3      | Found an ornate altar of the Wu Jian Council.
  1883 | D:3      | Found an iron altar of Okawaru.
  1884 | D:3      | 1884 ||| PLANNING OKAWARU WORSHIP
  1896 | D:3      | HP: 8/32 [orc priest/+0 flail (2)]
  1897 | D:3      | 1897 ||| DRINKING potion of heal wounds.
  1968 | D:3      | Became a worshipper of Warmaster Okawaru
  1969 | D:3      | 1969 ||| PLANNING D:1-11
  1975 | D:3      | 1975 ||| DROPPING +0 flail.
  2006 | D:3      | 2006 ||| Stepping ~*~*~tactically~*~*~ (stealth).
  2494 | D:3      | Reached XP level 6. HP: 37/37 MP: 6/6
  2577 | D:3      | 2577 ||| Stepping ~*~*~tactically~*~*~ (hiding).
  2586 | D:3      | 2586 ||| FLEEEEING.
  2600 | D:3      | 2600 ||| Stepping ~*~*~tactically~*~*~ (stealth).
  2602 | D:3      | 2602 ||| Stepping ~*~*~tactically~*~*~ (stealth).
  2625 | D:3      | HP: 7/38 [gnoll/+0 whip (4)]
  2626 | D:3      | Slain by a gnoll

Levels and vault maps discovered:
D:1:      ncdulo_watergridlock, layout_rooms, serial_bayou_lagoon_a,
          minmay_curled_crystal
D:2:      minmay_evil_eye, layout_loops_cross, basic_ecumenical_altar,
          kennysheep_potato
D:3:      lemuel_castle_with_subvaults [lemuel_castle_interior_carwin_2],
          layout_basic, zin_statuary, grunt_temple_overflow_open,
          kennysheep_pointless_box, minmay_rat_hole

Skill      XL: |  1  2  3  4  5  6 |
---------------+-------------------+-----
Axes           | 2 3 4 5 |  5.0
Shields        | 4 5 |  5.0
Fighting       | |  3.7
Armour         | |  3.2

Action                   |  1- 3 |  4- 6 || total
-------------------------+-------+-------++-------
Melee: War axe           |    79 |   172 ||   251
  Use: Scroll            |     3 |     3 ||     6
       Potion            |       |     2 ||     2
Armor: Scale mail        |    27 |       ||    27
       Chain mail        |     1 |   104 ||   105
Dodge: Dodged            |    46 |   116 ||   162
Block: Buckler           |    13 |       ||    13
       Kite shield       |       |    98 ||    98

Table legend:
 A = Non-vault XP
 B = Vault XP
 C = Vault XP percentage of total XP
 D = Non-vault monster count
 E = Vault monster count
 F = Vault count percentage of total count
                 A         B        C        D         E       F
            +---------+---------+-------+---------+---------+-------
      Total |     247 |     232 |  48.4 |      53 |      28 |  34.6
            +---------+---------+-------+---------+---------+-------
        D:1 |      29 |       0 |   0.0 |      18 |       0 |   0.0
        D:2 |     127 |       5 |   3.8 |      21 |       3 |  12.5
        D:3 |      91 |     227 |  71.4 |      14 |      25 |  64.1
            +---------+---------+-------+---------+---------+-------
